 Dungeon Crawl Stone Soup version 0.31.0-32-g396128a36d (webtiles) character file.

Game seed: 11277135170689662489

33943 Silvore the Bludgeoner (level 13, -5/117 HPs)
             Began as a Minotaur Fighter on Apr 8, 2024.
             Was a High Priest of the Shining One.
             Engulfed by a fire crab's flame (11 damage)
             ... in a Gauntlet.
             The game lasted 00:18:14 (16952 turns).

Silvore the Bludgeoner (Minotaur Fighter)          Turns: 16952, Time: 00:18:14

Health: -5/117     AC: 19    Str: 32    XL:     13   Next: 39%
Magic:  12/12      EV: 11    Int:  5    God:    the Shining One [*****.]
Gold:   963        SH: 15    Dex: 16    Spells: 12/12 levels left

rFire   . . .        a - +5 flail (freeze)
rCold   + . .        J - +2 buckler {rC+}
rNeg    + + .        T - +3 plate armour
rPois   .            (helmet restricted)
rElec   .            k - scarf {repulsion}
rCorr   .            (no gloves)
SInv    .            (no boots)
Will    .....        h - amulet of reflection Stlth
                     j - +6 ring of dexterity
HPRegen 0.39/turn    f - +6 ring of strength
MPRegen 0.13/turn

%: no teleportation, repel missiles, reflection
@: glowing
A: horns 2, retaliatory headbutt
a: Renounce Religion, Divine Shield, Cleansing Flame, Summon Divine Warrior


You were in a Gauntlet.
You worshipped the Shining One.
The Shining One was extremely pleased with you.
You visited 2 branches of the dungeon, and saw 16 of its levels.
You also visited: Ossuary and Gauntlet.

You collected 1309 gold pieces.
You donated 346 gold pieces to Zin.

Inventory:

Hand Weapons
 a - a +5 flail of freezing (weapon)
 c - a +0 demon trident
Missiles
 I - a throwing net (quivered)
Armour
 k - a scarf of repulsion (worn)
 u - a +1 cloak
 J - a +2 buckler of cold resistance (worn)
 T - a +3 plate armour (worn)
Jewellery
 f - a +6 ring of strength (right hand)
 h - an amulet of reflection (around neck)
 j - a +6 ring of dexterity (left hand)
Wands
 d - a wand of paralysis (23)
 l - a wand of iceblast (26)
 n - a wand of polymorph (15)
 o - a wand of flame (21)
 D - a wand of mindburst (26)
 N - a wand of quicksilver (5)
Scrolls
 b - 2 scrolls of enchant armour
 e - 3 scrolls of fear
 p - 3 scrolls of torment
 t - 3 scrolls of immolation
 A - 3 scrolls of teleportation
 E - a scroll of blinking
 G - 3 scrolls of fog
 L - a scroll of vulnerability
 M - 2 scrolls of poison
 P - a scroll of amnesia
Potions
 g - 9 potions of curing
 i - 7 potions of enlightenment
 m - 3 potions of degeneration
 q - a potion of ambrosia
 r - a potion of lignification
 s - 2 potions of invisibility
 v - a potion of berserk rage
 w - 4 potions of brilliance
 x - 3 potions of mutation
 C - 2 potions of attraction
 F - 2 potions of magic
 H - a potion of resistance
 K - a potion of heal wounds {unknown}
Miscellaneous
 z - a phial of floods


   Skills:
 + Level 11.6 Fighting
 + Level 15.4 Maces & Flails
 + Level 13.6 Armour
 + Level 6.7 Dodging
 + Level 2.0 Stealth
 + Level 13.7 Shields
 + Level 0.4 Invocations


You had 12 spell levels left.
You didn't know any spells.
Your spell library contained the following spells:

 Spells                   Type           Power      Damage    Failure   Level
 Sandblast                Erth           0%         2d4       97%         1
 Shock                    Conj/Air       0%         1d3       97%         1
 Slow                     Hex            0%         N/A       97%         1
 Summon Small Mammal      Summ           0%         N/A       97%         1
 Call Canine Familiar     Summ           0%         N/A       100%        3
 Confusing Touch          Hex            0%         N/A       100%        3
 Ozocubu's Armour         Ice            0%         N/A       100%        3
 Passwall                 Erth           0%         N/A       100%        3
 Sigil of Binding         Hex            0%         N/A       100%        3
 Stone Arrow              Conj/Erth      0%         3d7       100%        3
 Swiftness                Air            0%         N/A       100%        3
 Vampiric Draining        Necr           0%         2d6       100%        3
 Airstrike                Air            0%         2d(0-16)  100%        4
 Brom's Barrelling Bould  Conj/Erth      0%         2d3       100%        4
 Summon Blazeheart Golem  Fire/Summ      0%         N/A       100%        4
 Metabolic Englaciation   Hex/Ice        0%         N/A       100%        5
 Sculpt Simulacrum        Ice/Alch       0%         N/A       100%        6


Dungeon Overview and Level Annotations

Branches:
Dungeon (15/15)            Temple (1/1) D:7            Lair (0/5) D:8
    Orc (0/2) D:11         Vaults (0/5) D:14         Depths (0/4) D:15
Ossuary (visited)         Gauntlet (1/1)

Altars:
Ashenzari
Cheibriados
Dithmenos
Elyvilon
Fedhas
Gozag
Hepliaklqana
Kikubaaqudgha
Makhleb
Nemelex Xobeh
Okawaru
Qazlal
Ru
Sif Muna
Trog
Uskayaw
Vehumet
Wu Jian
Xom
Yredelemnul
Zin
The Shining One

Shops:
D:2 =?[   D:4 (   D:7 *=!?(   D:12 :

Annotations:
Gauntlet 4 transporters


Innate Abilities, Weirdness & Mutations

You have a pair of horns on your head.
You reflexively headbutt those who attack you in melee.


Message History

Unknown command.
Blink to where?
Press: ? - help, Dir - move target
As you read the scroll of blinking, it crumbles to dust.
The fire crab breathes flames at you. The blast of flame engulfs you.
You are engulfed in blazing flames.
The fire crab breathes flames at you.
The blast of flame engulfs you but does no damage.
You see here a scroll of enchant armour.
Unknown command.
You are engulfed in blazing flames.
* * * LOW HITPOINT WARNING * * *
You see here a +0 barding of flying.
There is a transporter here.
You enter the transporter and appear at another place.
You block the fire crab's attack. x2
A fire crab is nearby!
You sock the fire crab! You freeze the fire crab. You headbutt the fire crab!
The fire crab is moderately wounded.
You block the fire crab's attack. x2
You sock the fire crab! You freeze the fire crab.
The fire crab is heavily wounded.
The fire crab breathes flames at you.
The blast of flame engulfs you but does no damage.
You hit the fire crab. You freeze the fire crab.
You headbutt the fire crab, but do no damage.
The fire crab is severely wounded.
You are engulfed in blazing flames.
* * * LOW HITPOINT WARNING * * *
You sock the fire crab! You freeze the fire crab.
The fire crab is almost dead.
You are engulfed in blazing flames.
* * * LOW HITPOINT WARNING * * *
The fire crab bites you but does no damage.
You block the fire crab's attack.
You hit the fire crab. You freeze the fire crab.
The fire crab is almost dead.
You are engulfed in blazing flames.
You die...

. # . #. ##. . .. #. .# #
###°##.##.##.##.###
##≈..°°t°.........≈##
#≈≈..8@8°8©8©8©8..≈≈#
##≈.°°°°°.........≈# ## ### ###
################### ##
≈###≈###≈###.................###≈
≈≈#≈≈≈#≈≈≈#...8⌠8..8∩8..8⌠8...#≈≈
.................................
#################################
#8©8##.#.#.##8©8#.......#8©8#....
#...#.#.#.#.#...#.##.##.#...#....


You could see a fire crab.

Vanquished Creatures
  Rupert (D:13)
  A hydra (D:13)
  A vault guard (D:14)
  A rakshasa (D:14)
  A catoblepas (D:13)
  A centaur warrior (D:14)
  3 two-headed ogres
  2 boulder beetles
  Nergalle (D:11)
  An arcanist (D:14)
  6 deep elf pyromancers
  8 ugly things
  2 cyclopes
  A manticore (D:14)
  An apocalypse crab (Gauntlet)
  4 gargoyles
  A smoke demon (Gauntlet)
  An unseen horror (D:12)
  Jeremiah (D:7)
  3 efreet
  2 kobold demonologists
  A red devil (Gauntlet)
  4 trolls
  A queen bee (shapeshifter) (D:9)
  The ghost of ilwentz the Slasher, an amateur DgFi (D:5)
  Grinder (D:3)
  5 hornets
  A raiju (shapeshifter) (D:13)
  2 vampires
  3 slime creatures
  2 shadows
  A wraith (D:9)
  14 yaks
  A basilisk (D:12)
  3 wyverns (D:9)
  Eustachio (D:4)
  8 vampire mosquitoes
  The ghost of PsychoBan the Poker, an amateur DsGl of Makhleb (D:6)
  3 steam dragons
  2 chaos spawn (Gauntlet)
  A neqoxec (Gauntlet)
  4 acid dragons
  Duvessa (D:5)
  8 orc warriors
  2 black bears (D:7)
  4 ice beasts
  5 ogres
  5 boggarts (D:14)
  3 centaurs
  13 kobold brigands
  3 bullfrogs
  4 gnoll sergeants
  2 scorpions (D:5)
  Dowan (D:5)
  5 killer bees (D:9)
  9 howler monkeys
  4 crimson imps (Gauntlet)
  5 bombardier beetles
  3 hounds
  6 jellies
  3 orc priests
  Crazy Yiuf (D:4)
  A gnoll bouda (D:8)
  4 iguanas
  11 orc wizards
  Ijyb (D:4)
  8 mummies (Ossuary)
  25 gnolls
  5 adders
  3 shadow imps
  2 white imps (D:7)
  A dart slug (D:1)
  A ribbon worm (D:4)
  33 orcs
  9 bats
  6 endoplasms
  5 giant cockroaches
  5 goblins
  3 hobgoblins
  11 jackals
  A quokka (D:3)
  3 ball pythons
  3 frilled lizards
  2 hobgoblin zombies (Ossuary)
  7 kobolds
  3 kobold zombies (Ossuary)
  3 orc zombies (Ossuary)
  6 rats
352 creatures vanquished.

Notes
Turn   | Place    | Note
-------+----------+-------------------------------------------
     0 | D:1      | Silvore the Minotaur Fighter began the quest for the Orb.
     0 | D:1      | Reached XP level 1. HP: 19/19 MP: 0/0
    89 | D:1      | Reached XP level 2. HP: 23/27 MP: 1/1
   635 | D:2      | Reached XP level 3. HP: 33/33 MP: 2/2
   650 | D:2      | Reached skill level 3 in Maces & Flails
   775 | D:2      | Found Qecur's Magic Scroll Shoppe.
   921 | D:2      | Found Seiciv's Armour Emporium.
  1077 | D:2      | Found Xacipef's Jewellery Emporium.
  1597 | D:3      | Reached XP level 4. HP: 41/41 MP: 3/3
  1615 | D:3      | Found an iron altar of Okawaru.
  1827 | D:3      | Found a faded altar of an unknown god.
  2047 | D:3      | Noticed Grinder
  2048 | D:3      | Paralysed by Grinder for 3 turns
  2061 | D:3      | Paralysed by Grinder for 2 turns
  2080 | D:3      | Paralysed by Grinder for 4 turns
  2090 | D:3      | Killed Grinder
  2091 | D:3      | Reached skill level 5 in Maces & Flails
  2091 | D:3      | Reached skill level 1 in Dodging
  2091 | D:3      | Reached XP level 5. HP: 16/47 MP: 4/4
  2091 | D:3      | Reached XP level 6. HP: 19/55 MP: 5/5
  2379 | D:4      | Reached skill level 5 in Fighting
  2524 | D:4      | Noticed Ijyb
  2541 | D:4      | Killed Ijyb
  2569 | D:4      | Found a runed translucent door.
  2570 | D:4      | Noticed Crazy Yiuf
  2645 | D:4      | Found a sand-covered staircase.
  2654 | Ossuary  | Entered an ossuary
  2673 | Ossuary  | Reached skill level 5 in Armour
  2701 | Ossuary  | Reached skill level 6 in Maces & Flails
  2719 | Ossuary  | Reached XP level 7. HP: 57/61 MP: 6/6
  3092 | D:4      | Found Ved Kiv's Weapon Shoppe.
  3377 | D:4      | Noticed Eustachio
  3415 | D:4      | Killed Eustachio
  3416 | D:4      | Reached skill level 5 in Shields
  3665 | D:4      | Killed Crazy Yiuf
  3712 | D:5      | Entered Level 5 of the Dungeon
  3712 | D:5      | Noticed Duvessa
  3712 | D:5      | Noticed Dowan
  3722 | D:5      | Killed Duvessa
  3723 | D:5      | Killed Dowan
  4199 | D:5      | Reached XP level 8. HP: 69/69 MP: 7/7
  4203 | D:5      | Reached skill level 7 in Maces & Flails
  4584 | D:5      | Found a runed translucent door.
  4590 | D:5      | Noticed ilwentz's ghost (amateur DgFi)
  4795 | D:5      | Reached skill level 8 in Maces & Flails
  5078 | D:5      | Killed ilwentz's ghost
  5358 | D:6      | Reached XP level 9. HP: 75/75 MP: 8/8
  5619 | D:6      | Reached skill level 9 in Maces & Flails
  5950 | D:6      | Found a runed translucent gate.
  5950 | D:6      | Found a runed translucent gate.
  5950 | D:6      | Found a runed translucent gate.
  5950 | D:6      | Noticed PsychoBan's ghost (amateur DsGl)
  6610 | D:6      | Killed PsychoBan's ghost
  6631 | D:6      | Reached skill level 10 in Maces & Flails
  6947 | D:7      | Found Cacreod's Assorted Antiques.
  7015 | D:7      | Reached skill level 1 in Stealth
  7210 | D:7      | Found Couqyfus's Jewellery Emporium.
  7215 | D:7      | Found Qioggurgh's Distillery.
  7248 | D:7      | Found Jyachefruth's Weapon Boutique.
  7259 | D:7      | Found a staircase to the Ecumenical Temple.
  7321 | Temple   | Entered the Ecumenical Temple
  7335 | Temple   | Became a worshipper of Zin the Law-Giver
  7335 | Temple   | Reached * piety under Zin
  7335 | Temple   | Reached ** piety under Zin
  7339 | Temple   | Donated 277 gold pieces to Zin
  7652 | D:7      | Found Gungox's Magic Scroll Boutique.
  7747 | D:7      | Noticed Jeremiah
  7790 | D:7      | Reached XP level 10. HP: 31/83 MP: 9/9
  7805 | D:7      | Killed Jeremiah
  8244 | D:7      | Reached skill level 11 in Maces & Flails
  8366 | D:7      | Reached *** piety under Zin
  8536 | D:7      | Reached skill level 10 in Armour
  8617 | Temple   | Fell from the grace of Zin
  8617 | Temple   | Became a worshipper of the Shining One
  8617 | Temple   | Reached * piety under the Shining One
  8837 | D:8      | Found a shimmering blue altar of Sif Muna.
  8846 | D:8      | Found a staircase to the Lair.
  9598 | D:9      | Found a hide-covered altar of Uskayaw.
  9598 | D:9      | Found a hazy altar of Hepliaklqana.
  9599 | D:9      | Found a shadowy altar of Dithmenos.
  9599 | D:9      | Found a sparkling altar of Nemelex Xobeh.
  9625 | D:9      | Noticed a two-headed ogre
  9629 | D:9      | Killed a two-headed ogre
 10214 | D:9      | Noticed a deep elf pyromancer
 10215 | D:9      | Noticed an entropy weaver
 10227 | D:9      | Killed a deep elf pyromancer
 10228 | D:9      | Reached skill level 12 in Maces & Flails
 10228 | D:9      | Reached skill level 10 in Shields
 10230 | D:9      | Reached XP level 11. HP: 54/94 MP: 10/10
 10238 | D:9      | Reached skill level 5 in Dodging
 10243 | D:9      | Noticed a deep elf pyromancer
 10246 | D:9      | Killed a deep elf pyromancer
 10259 | D:9      | Reached ** piety under the Shining One
 11052 | D:9      | Paralysed by a hornet for 1 turns
 11069 | D:10     | Entered Level 10 of the Dungeon
 11163 | D:10     | Found an ancient bone altar of Kikubaaqudgha.
 11255 | D:10     | Reached skill level 13 in Maces & Flails
 12049 | D:11     | Noticed Nergalle
 12058 | D:11     | Killed Nergalle
 12775 | D:11     | Found a staircase to the Orcish Mines.
 13048 | D:12     | Reached skill level 14 in Maces & Flails
 13057 | D:12     | Reached XP level 12. HP: 29/105 MP: 11/11
 13482 | D:12     | Noticed a boulder beetle
 13482 | D:12     | Reached *** piety under the Shining One
 13499 | D:12     | Killed a boulder beetle
 13735 | D:12     | Found Plog's Vocational Training.
 14061 | D:12     | Noticed a two-headed ogre
 14066 | D:12     | Killed a two-headed ogre
 14067 | D:12     | Reached skill level 10 in Fighting
 14204 | D:13     | Noticed a five-headed hydra
 14205 | D:13     | Noticed a catoblepas
 14212 | D:13     | Killed a five-headed hydra
 14222 | D:13     | Killed a catoblepas
 14524 | D:13     | Noticed a two-headed ogre
 14536 | D:13     | Killed a two-headed ogre
 14664 | D:13     | Noticed Rupert
 14667 | D:13     | Paralysed by Rupert for 2 turns
 14681 | D:13     | Killed Rupert
 14682 | D:13     | Reached skill level 15 in Maces & Flails
 14883 | D:13     | Noticed a boulder beetle
 14894 | D:13     | Killed a boulder beetle
 15315 | D:14     | Noticed a rakshasa
 15564 | D:14     | Reached XP level 13. HP: 82/116 MP: 12/12
 15887 | D:14     | Reached **** piety under the Shining One
 15896 | D:14     | Found a gate to the Vaults.
 16569 | D:15     | Entered Level 15 of the Dungeon
 16596 | D:15     | Found a gate leading to a gauntlet.
 16606 | Gauntlet | Entered a Gauntlet
 16606 | Gauntlet | Found a transporter.
 16616 | Gauntlet | Found a transporter.
 16617 | Gauntlet | Found a transporter.
 16618 | Gauntlet | Found a transporter.
 16625 | Gauntlet | Found a transporter.
 16628 | Gauntlet | Found a transporter.
 16629 | Gauntlet | Found a transporter.
 16637 | Gauntlet | Found a transporter.
 16640 | Gauntlet | Found a transporter.
 16641 | Gauntlet | Found a transporter.
 16650 | Gauntlet | Found a transporter.
 16652 | Gauntlet | Found a transporter.
 16653 | Gauntlet | Found a transporter.
 16661 | Gauntlet | Found a transporter.
 16817 | Gauntlet | Reached ***** piety under the Shining One
 16952 | Gauntlet | Engulfed by a fire crab's flame

Illustrated notes

Levels and vault maps discovered:
D:1:      dpeg_arrival_subterranean_lakeside_camping, layout_rooms,
          minmay_tetromino_s4
D:2:      layout_basic, serial_shops, nicolae_shop_getting_attention, shop, shop
D:3:      layout_loops_ring, mainiacjoe_overflow_24_doors,
          shapermc_ecumenical_altar_mp_vishouse, kennysheep_generic_room_14,
          uniq_grinder
D:4:      layout_basic, nicolae_ossuary_entry_monument, serial_curves,
          eino_curves_02, eino_curves_03, eino_curves_03, serial_shops, shop,
          uniq_crazy_yiuf_cottage, uniq_eustachio, uniq_ijyb
D:5:      layout_loops_corners, ebering_ghost_inner_flame,
          serial_bayou_crossing, uniq_duvessa
D:6:      layout_loops_corners, gammafunk_ghost_nasty_kobolds,
          kennysheep_nondescript, minmay_puff
D:7:      minmay_bubble_buster, layout_loops_ring, minmay_temple_entry_hall,
          serial_shops, shop, shop, shop, nicolae_shop_real_fake_doors,
          nicolae_shop_just_a_little_nook, uniq_jeremiah
D:8:      layout_gridville, overflow_temple_1_default, lair_entry_dummy
D:9:      layout_loops_corners, grunt_temple_overflow_open, nicolae_doodle_vault
D:10:     layout_rooms, mainiacjoe_overflow_concentric_impassable
D:11:     layout_loops_corners, david_orc_4, minivault_1, uniq_nergalle
D:12:     layout_stronghold, nicolae_shop_vocational
D:13:     layout_rooms, uniq_rupert
D:14:     layout_cave_pods, david_vaults_5, minmay_misc_feat_diagonals
D:15:     gammafunk_depths_entry_grave, layout_rooms, gauntlet_entry_generic,
          serial_shops, nicolae_shop_stone, nicolae_trove_entry_isolated,
          kennysheep_pointless_box, minmay_statue_bubble
Temple:   eino_wide_crystal_templ
Gauntlet: gammafunk_gauntlet_77_escape_option
          [minmay_gauntlet_arena_77_p_blocks,
          minmay_gauntlet_arena_77_block_sizes, minmay_gauntlet_arena_77_braids,
          minmay_gauntlet_arena_77_checkered,
          minmay_gauntlet_arena_77_broken_ladder, gauntlet_exit_green]

Skill      XL: |  1  2  3  4  5  6  7  8  9 10 11 12 13 |
---------------+----------------------------------------+-----
Fighting       | 4 5 6 8 9 11 | 11.6
Shields        | 4 6 7 8 10 11 13 | 13.7
Armour         | 4 5 6 8 9 10 11 12 13 | 13.6
Maces & Flails | 3 5 6 8 10 12 14 15 | 15.4
Dodging        | 1 2 3 4 6 |  6.7
Stealth        | 1 2 |  2.0
Invocations    | |  0.4

Action                     |  1- 3 |  4- 6 |  7- 9 | 10-12 | 13-15 || total
---------------------------+-------+-------+-------+-------+-------++-------
  Melee: Flail             |    69 |   102 |   290 |   482 |   107 ||  1050
         Headbutt          |    10 |    20 |    47 |   136 |    31 ||   244
 Invoke: Donate Gold       |       |       |     1 |       |       ||     1
         Divine Shield     |       |       |       |     1 |       ||     1
    Use: Scroll            |     3 |     3 |    12 |    13 |     5 ||    36
         Potion            |       |       |     3 |     2 |       ||     5
 Armour: Scale mail        |    56 |    44 |   190 |   133 |       ||   423
         Chain mail        |       |       |       |   162 |    20 ||   182
         Plate armour      |       |       |       |       |    47 ||    47
  Dodge: Dodged            |    45 |    47 |   123 |   196 |    34 ||   445
  Block: Buckler           |    22 |    59 |   178 |   356 |    67 ||   682
         Reflection        |       |       |     9 |     2 |     3 ||    14
